Map: [ESL] Alcyone

Players

Rodzyn

  • Race: Protoss Protoss
  • Spawn Location: 7:00

Krystianer - Winner!

  • Race: Protoss Protoss
  • Spawn Location: 1:00

Event: ESL SC2 Masters 2024 Spring (Regional)

VOD

Have the link to the VOD?

Description

Time

  • Played on: April 11, 2024, 12:23 p.m.
  • Length: 11:38

All games in this series

Show
View Real Time Build Order
Export as new Build Order

Rodzyn Protoss 

Build Orders:  

Get SALT Encoding   

  12  0:00  Probe  
  13  0:12  Probe  
  14  0:16  Pylon  
  14  0:24  Probe (Chrono Boost)  
  16  0:36  Probe (Chrono Boost), Gateway  
  16  0:43  Probe (Chrono Boost)  
  16  0:46  Assimilator  
  17  0:50  Probe  
  17  0:53  Assimilator  
  18  1:03  Probe (Chrono Boost)  
  19  1:08  Gateway  
  19  1:13  Probe (Chrono Boost)  
  19  1:18  Probe (Chrono Boost)  
  20  1:22  Cybernetics Core  
  21  1:29  Probe  
  22  1:35  Pylon  
  22  1:41  Probe  
  23  1:53  Probe  
  24  1:59  Sentry, Stalker  
  28  2:05  Probe  
  28  2:06  Pylon  
  29  2:08  Warp Gate  
  29  2:17  Probe  
  29  2:19  Pylon  
  30  2:35  Sentry  
  32  2:46  Nexus  
  32  2:47  Shield Battery  
  32  2:48  Probe  
  32  2:50  Sentry  
  35  3:01  Shield Battery  
  35  3:03  Probe  
  36  3:06  Stalker  
  36  3:12  Pylon  
  38  3:20  Probe  
  39  3:31  Shield Battery  
  39  3:33  Probe  
  40  3:34  Shield Battery  
  40  3:42  Twilight Council  
  40  3:43  Shield Battery  
  40  3:45  Probe (Chrono Boost)  
  42  3:57  Stalker, Probe (Chrono Boost)  
  42  3:59  Stalker  
  42  4:02  Probe (Chrono Boost)  
  46  4:03  Probe (Chrono Boost)  
  47  4:12  Probe (Chrono Boost)  
  47  4:16  Probe (Chrono Boost)  
  49  4:18  Probe (Chrono Boost)  
  49  4:21  Stalker  
  49  4:23  Shield Battery  
  47  4:31  Probe  
  47  4:35  Probe  
  44  4:44  Blink (Chrono Boost), Stalker, Probe (Chrono Boost)  
  47  4:46  Stalker  
  47  4:47  Probe (Chrono Boost)  
  49  4:56  Probe (Chrono Boost)  
  49  4:58  Probe (Chrono Boost)  
  50  5:01  Probe (Chrono Boost)  
  50  5:03  Probe (Chrono Boost)  
  52  5:13  Probe (Chrono Boost)  
  54  5:15  Probe (Chrono Boost)  
  54  5:21  Probe (Chrono Boost)  
  55  5:23  Probe (Chrono Boost)  
  55  5:28  Probe  
  56  5:34  Probe  
  56  5:40  Probe  
  56  5:42  Nexus  
  55  5:46  Pylon, Probe  
  56  5:51  Stalker  
  56  5:52  Stalker  
  56  5:53  Probe  
  61  5:58  Probe  
  62  6:04  Shield Battery  
  62  6:05  Probe  
  62  6:10  Probe  
  64  6:13  Robotics Facility  
  64  6:17  Probe  
  65  6:21  Stalker x2  
  65  6:22  Probe  
  70  6:27  Pylon  
  70  6:40  Pylon  
  70  6:41  Forge  
  70  6:45  Probe x2  
  70  6:48  Stalker x2  
  72  6:58  Probe x2  
  71  7:02  Immortal (Chrono Boost)  
  71  7:04  Assimilator  
  71  7:05  Charge, Assimilator  
  71  7:07  Probe  
  75  7:11  Stalker  
  75  7:12  Stalker  
  75  7:14  Probe  
  81  7:15  Probe  
  81  7:19  Probe  
  82  7:23  Protoss Ground Weapons Level 1 (Chrono Boost)  
  82  7:26  Pylon, Probe  
  80  7:44  Probe (Chrono Boost)  
  79  7:49  Stalker x2, Probe x2 (Chrono Boost)  
  83  7:53  Probe (Chrono Boost)  
  83  7:57  Probe (Chrono Boost)  
  86  7:59  Probe (Chrono Boost)  
  86  8:02  Templar Archives  
  86  8:04  Probe (Chrono Boost)  
  87  8:06  Gateway  
  87  8:08  Gateway  
  88  8:13  Gateway  
  88  8:14  Probe (Chrono Boost)  
  88  8:18  Gateway  
  88  8:21  Probe  
  88  8:22  Probe  
  88  8:25  Gateway  
  90  8:27  Observer  
  90  8:29  Gateway  
  90  8:33  Pylon  
  91  8:38  High Templar x2  
  91  8:39  Probe x2  
  91  8:40  Probe  
  98  8:42  Pylon, Archon  
  98  8:51  Photon Cannon, Probe  
  99  8:59  Photon Cannon  
  99  9:00  Pylon  
  99  9:01  Pylon  
  99  9:02  High Templar  
  101  9:06  High Templar  
  103  9:10  Archon  
  103  9:11  Zealot x3  
  103  9:14  Immortal (Chrono Boost)  
  111  9:24  Shield Battery  
  111  9:30  Protoss Ground Weapons Level 2 (Chrono Boost)  
  111  9:31  Zealot x5  
  115  9:32  Zealot  
  115  9:37  Assimilator  
  123  9:38  Assimilator  
  123  9:49  Zealot x2  
  127  9:56  Zealot x3  
  127  9:58  Zealot x2  
  141  10:07  Immortal  
  137  10:24  Probe  
  136  10:30  Pylon  
  136  10:36  Nexus  
  136  10:37  Pylon  
  136  10:38  Probe  
  136  10:41  Stalker x5  
  137  10:54  Probe  
  132  10:57  Photon Cannon  
  132  10:59  Zealot x3  
  132  11:02  Probe  
  131  11:07  Zealot x5  
  115  11:18  Probe  
  115  11:19  Probe  
  115  11:21  Zealot x3  
  123  11:28  Pylon  
Show
View Real Time Build Order
Export as new Build Order

Krystianer Protoss - Winner!

Build Orders: Oracle Opening 

Get SALT Encoding   

  12  0:00  Probe  
  13  0:12  Probe  
  14  0:17  Pylon  
  14  0:24  Probe (Chrono Boost)  
  16  0:37  Probe (Chrono Boost), Gateway  
  16  0:41  Probe (Chrono Boost)  
  16  0:45  Assimilator  
  17  0:51  Probe  
  17  0:54  Assimilator  
  18  1:03  Probe (Chrono Boost)  
  19  1:08  Gateway  
  19  1:13  Probe (Chrono Boost)  
  19  1:18  Probe (Chrono Boost)  
  20  1:24  Cybernetics Core  
  21  1:30  Probe  
  22  1:34  Pylon  
  22  1:42  Probe  
  23  1:54  Probe  
  24  2:00  Warp Gate, Adept x2  
  28  2:06  Probe  
  29  2:08  Pylon  
  29  2:22  Stargate  
  29  2:30  Adept x2  
  32  2:55  Nexus  
  32  2:57  Probe  
  33  3:04  Oracle (Chrono Boost)  
  36  3:14  Pylon  
  36  3:16  Probe  
  37  3:28  Probe  
  37  3:31  Oracle (Chrono Boost)  
  41  3:42  Probe  
  41  3:43  Twilight Council  
  42  3:52  Stalker  
  42  3:54  Probe  
  45  4:06  Probe (Chrono Boost)  
  47  4:11  Probe (Chrono Boost)  
  47  4:12  Gateway  
  47  4:17  Blink (Chrono Boost), Probe (Chrono Boost)  
  48  4:20  Probe (Chrono Boost)  
  50  4:26  Probe x2 (Chrono Boost)  
  47  4:36  Stalker x2  
  49  4:39  Shield Battery  
  49  4:42  Probe  
  49  4:45  Probe  
  49  4:56  Probe  
  49  4:57  Probe  
  49  4:59  Stalker x2  
  55  5:04  Assimilator  
  55  5:05  Pylon  
  55  5:08  Probe  
  55  5:10  Stalker  
  55  5:11  Probe  
  59  5:14  Pylon  
  60  5:23  Probe  
  60  5:25  Stalker x2  
  64  5:42  Stalker  
  66  5:45  Probe  
  66  5:48  Stalker x2  
  71  5:50  Pylon  
  71  5:55  Nexus  
  71  5:57  Probe  
  71  5:58  Probe  
  73  6:11  Stalker x3  
  73  6:13  Probe  
  73  6:14  Probe  
  81  6:18  Pylon  
  81  6:23  Forge  
  81  6:30  Probe x2  
  83  6:37  Stalker x3  
  89  6:42  Probe x2  
  92  6:54  Probe x2  
  92  6:59  Charge  
  92  7:01  Adept x2  
  91  7:03  Protoss Ground Weapons Level 1 (Chrono Boost)  
  96  7:12  Probe x2 (Chrono Boost)  
  96  7:16  Probe (Chrono Boost), Gateway  
  96  7:18  Gateway  
  96  7:20  Gateway  
  96  7:22  Gateway  
  96  7:26  Stalker x2  
  100  7:32  Stalker  
  100  7:35  Pylon  
  100  7:36  Probe  
  99  7:48  Robotics Facility, Nexus  
  99  7:50  Probe  
  99  7:51  Probe x2  
  102  7:54  Pylon  
  102  7:58  Stalker x2  
  106  7:59  Stalker  
  106  8:03  Probe x3  
  111  8:14  Gateway  
  111  8:15  Probe  
  112  8:23  Stalker x5  
  122  8:27  Pylon  
  122  8:30  Warp Prism (Chrono Boost)  
  124  8:42  Forge  
  124  8:44  Gateway  
  124  8:45  Protoss Ground Weapons Level 2 (Chrono Boost), Gateway  
  124  8:46  Probe  
  124  8:47  Probe x2  
  127  8:48  Gateway  
  127  8:51  Observer  
  127  8:58  Zealot x3  
  134  9:03  Zealot x2  
  134  9:04  Zealot  
  140  9:11  Photon Cannon  
  140  9:12  Shield Battery  
  140  9:19  Zealot x3  
  140  9:20  Zealot, Protoss Ground Armor Level 1 (Chrono Boost)  
  148  9:26  Pylon  
  148  9:27  Pylon  
  148  9:31  Pylon  
  148  9:39  Pylon  
  148  9:40  Pylon  
  146  9:58  Stalker x4  
  146  9:59  Stalker x6  
  166  10:05  Pylon  
  166  10:17  Zealot  
  164  10:25  Zealot x10  
  176  10:39  Nexus  
  176  10:41  Pylon, Warp Prism (Chrono Boost)  
  176  10:42  Pylon  
  176  10:50  Zealot x10  
  190  11:10  Zealot x7  
  190  11:32  Zealot x9  
  186  11:33  Zealot x2  
Tags
 
Add a new tag
Caveats
  • Supply blocks, unpowered buildings, or Contaminate may cause inaccurate times.
  • Supply counts are checked every 10 seconds.